cohdb
Replays
Latest Replays
All Replays
Popular Replays
Top Player Replays
Match Explorer
How It Works
Community
CoH3 Stats
Reddit
Sign in to upload your games and track your stats! →
Sign in with Steam
Match 42563341
Unlisted
Match 42563341
Overview
Messages
Build Orders
End
Selects Armored Battlegroup
Selects Assault Engineers
Assault Engineer Squad
Assault Engineer Squad
Construct Weapon Support Center
Bazooka Squad
M1919 Machine Gun Team
Air Support Center
Selects Fast Deploy
.30 cal Machine Gun
Grasshopper Recon Run
Construct Motor Pool
Mortar Pit
M8 Greyhound Armored Car
M1919 Machine Gun Team
P-47 Strafing Run
Grasshopper Recon Run
P-47 Dive Bomb
Assault Engineer Squad
M1 Anti-tank Gun Team
M3 Armored Personnel Carrier
Grasshopper Recon Run
Grasshopper Recon Run
P-47 Dive Bomb
Selects M8 Scott SPG
Selects UNKNOWN (2160077)
P-47 Strafing Run
Construct Tank Depot
P-47 Strafing Run
P-47 Dive Bomb
Grasshopper Recon Run
M4A3E8 Sherman Easy Eight
Air Supremacy
P-47 Strafing Run
Grasshopper Recon Run
P-47 Dive Bomb
P-47 Strafing Run
P-47 Dive Bomb
M4A3E8 Sherman Easy Eight
patito
Kylen
runningDuck
The Unnamed One
Bitconnect
Vandron
Danh Vo
开摆
0
0
Comments
sign in to comment!
No comments posted yet!